 Dungeon Crawl Stone Soup version 0.30-a0-634-g8abc85282e (webtiles) character file.

Game seed: 9139073301399353916

78 Decipherer the Poker (level 4, -2/41 HPs)
             Began as a Minotaur Berserker on Jan 14, 2023.
             Was a Believer of Trog.
             Slain by a goblin
             ... wielding a +0 club
             ... led by Robin
              (5 damage)
             ... on level 2 of the Dungeon.
             The game lasted 00:00:44 (1217 turns).

Decipherer the Poker (Minotaur Berserker)           Turns: 1217, Time: 00:00:45

Health: -2/41      AC:  2    Str: 23    XL:     4   Next: 15%
Magic:  3/3        EV: 12    Int:  4    God:    Trog [**....]
Gold:   124        SH:  0    Dex: 10    Spells: 3/3 levels left

rFire   . . .      SeeInvis .    a - +0 spear
rCold   . . .      Faith    .    (no shield)
rNeg    . . .      Spirit   .    b - +0 animal skin
rPois   .          Reflect  .    (helmet restricted)
rElec   .          Harm     .    (no cloak)
rCorr   .          Rampage  .    (no gloves)
Will    .....                    (no boots)
Stlth   +                        (no amulet)
HPRegen 0.26/turn                (no ring)
MPRegen 0.08/turn                (no ring)

@: on berserk cooldown, slowed, very slow
A: horns 2, retaliatory headbutt
a: Renounce Religion, Berserk, Trog's Hand


You were on level 2 of the Dungeon.
You worshipped Trog.
Trog was pleased with you.
You visited 1 branch of the dungeon, and saw 2 of its levels.

You collected 124 gold pieces.

Inventory:

Hand Weapons
 a - a +0 spear (weapon)
Armour
 b - a +0 animal skin (worn)
Scrolls
 e - a scroll of silence {unknown}
 g - a scroll of magic mapping {unknown}
 i - a scroll of teleportation {unknown}
 j - a scroll of identify {unknown}
 k - a scroll of noise {unknown}
 l - a scroll of fog {unknown}
Potions
 c - a potion of curing {unknown}
 d - a potion of haste {unknown}
 f - 2 potions of degeneration {unknown}
 h - 2 potions of might {unknown}
 m - a potion of ambrosia {unknown}


   Skills:
 + Level 4.5 Fighting
 + Level 4.8 Polearms
 + Level 2.8 Armour
 + Level 2.8 Dodging


You had 3 spell levels left.
You didn't know any spells.
Your spell library contained the following spells:

 Spells                   Type           Power      Damage    Failure   Level
 Ensorcelled Hibernation  Hex/Ice        0%         N/A       65%         2
 Spider Form              Tmut/Pois      0%         N/A       86%         3
 Anguish                  Hex/Necr       0%         N/A       99%         4


Dungeon Overview and Level Annotations

Branches:
Dungeon (2/15)

Altars:

Annotations:
D:2 Robin


Innate Abilities, Weirdness & Mutations

You have a pair of horns on your head.
You reflexively headbutt those who attack you in melee.


Message History

Items here: )))) ††.
You hit the hobgoblin. You headbutt the hobgoblin.
You kill the hobgoblin!
Trog accepts your kill. The goblin closely misses you.
The goblin hits you with a +0 dagger.
You are no longer berserk.
You are exhausted.
You feel yourself slow down. Robin closely misses you.
The goblin hits you with a +0 dagger. The goblin barely misses you.
You furiously retaliate!
You headbutt the goblin.
You kill the goblin!
Trog accepts your kill.
You hit the goblin. Your headbutt misses the goblin.
The goblin is moderately wounded.
Robin barely misses you.
The goblin hits you with a +0 dagger. x2
You puncture the goblin!
You kill the goblin!
Trog accepts your kill.
Robin says, "My army is invincible!"
Robin throws the goblin at you! The goblin barely misses you.
The goblin attacks as you move away! The goblin hits you but does no damage.
Robin hits you with a +0 spear. The goblin completely misses you.
You furiously retaliate!
You headbutt the goblin!
You kill the goblin!
Trog accepts your kill. The goblin hits you with a +0 club.
Robin hits you with a +0 spear.
* * * LOW HITPOINT WARNING * * *
You barely miss Robin. Robin misses you. You furiously retaliate!
You headbutt Robin! The goblin misses you.
You hit Robin.
Robin is almost dead.
Robin hits you with a +0 spear.
* * * LOW HITPOINT WARNING * * *
The goblin hits you but does no damage.
You hit Robin.
Robin is almost dead.
Robin hits you with a +0 spear.
* * * LOW HITPOINT WARNING * * *
The goblin hits you with a +0 club.
You die...

##...## ##.....##
###.# #.......##
##.#.# .........#
#....# .........+
....# .........#
...## #.......##
... ##.)...## #g#
##...## #@## ##'##
#g)## #.# #)..# #
#.# #.####)##.#
##.## #....$....#
###...##
######.####
.......# ######.#
......## #......#
###..#######.######


You could see Robin and a goblin (strong).

Vanquished Creatures
  4 adders (D:2)
  A worm (D:2)
  A dart slug (D:1)
  A bat (D:2)
  An endoplasm (D:2)
  A giant cockroach (D:2)
  12 goblins
  3 hobgoblins
  4 jackals (D:1)
  4 ball pythons
  2 frilled lizards
  2 kobolds (D:1)
36 creatures vanquished.

Notes
Turn   | Place    | Note
-------+----------+-------------------------------------------
     0 | D:1      | Decipherer the Minotaur Berserker began the quest for the
                  | Orb.
     0 | D:1      | Reached XP level 1. HP: 19/19 MP: 0/0
    61 | D:1      | Reached XP level 2. HP: 27/27 MP: 1/1
   507 | D:2      | Reached XP level 3. HP: 33/33 MP: 2/2
  1201 | D:2      | Noticed Robin
  1203 | D:2      | Reached ** piety under Trog
  1204 | D:2      | Reached XP level 4. HP: 40/41 MP: 3/3
  1217 | D:2      | Slain by a goblin

Illustrated notes

Levels and vault maps discovered:
D:1:      saegor_arrival_simple_e, layout_basic, minmay_tree_intersection
D:2:      layout_loops_corners, due_unseen_surprise, uniq_robin

Skill      XL: |  1  2 |
---------------+-------+-----
Polearms       | 4 |  4.8
Fighting       | 4 |  4.5
Armour         | |  2.8
Dodging        | |  2.8

Action                   |  1- 3 |  4- 6 || total
-------------------------+-------+-------++-------
Melee: Spear             |    84 |     8 ||    92
       Headbutt          |     9 |     1 ||    10
Invok: Berserk           |       |     1 ||     1
Armor: Animal skin       |     6 |     2 ||     8
Dodge: Dodged            |    40 |    15 ||    55

Table legend: (Time is in decaauts)
 A = Elapsed time spent in this place.
 B = Non-inter-level travel time spent in this place.
 C = Inter-level travel time spent in this place.
 D = Time resting spent in this place.
 E = Time spent auto-exploring this place.
 F = Levels seen in this place.
 G = Mean time per level.
                   A        B        C        D        E       F      G
               +--------+--------+--------+--------+--------+-----+--------+
         Total |   1206 |   1202 |      4 |      0 |   1023 |   2 |  603.0 |
       Dungeon |   1206 |   1202 |      4 |      0 |   1023 |   2 |  603.0 |
               +--------+--------+--------+--------+--------+-----+--------+

Top non-repeatable levels by time:
     D:2: 795 daAuts
     D:1: 411 daAuts
